 Dungeon Sprint DCSS version 0.23-a0-681-g26ad783 (webtiles) character file.

138 Lanoc the Slasher (level 5, 0/44 HPs)
             Began as a Demonspawn Berserker on Jan 11, 2019.
             Was a Believer of Trog.
             Slain by a quasit (1 damage)
             ... summoned by a neqoxec
             ... in the Dungeon (Sprint II: "The Violet Keep of Menkaure").
             The game lasted 00:01:04 (75 turns).

Lanoc the Slasher (Demonspawn Berserker)              Turns: 75, Time: 00:01:06

Health: 0/44       AC:  2    Str: 16      XL:     5   Next: 1%
Magic:  0/5        EV: 13    Int:  6      God:    Trog [**....]
Gold:   243        SH:  0    Dex:  8 (13) Spells: 4/4 levels left

rFire    . . .     SeeInvis .   a - +0 falchion
rCold    . . .     Gourm    .   (no shield)
rNeg     . . .     Faith    .   b - +0 animal skin
rPois    .         Spirit   +   (no helmet)
rElec    .         Reflect  .   (no cloak)
rCorr    .         Harm     .   (no gloves)
MR       ++...     NoTele   +   (no boots)
Stlth    +.........             (no amulet)
HPRegen  1.14/turn              (no ring)
MPRegen  0.18/turn              (no ring)

@: berserk cooldown, regenerating, slowed, very slow
A: dopey 1, weak 1, magic shield, magic regeneration, magic link, subdued magic
1
a: Berserk, Trog's Hand, Renounce Religion


You were in the Dungeon.
You worshipped Trog.
Trog was pleased with you.
You were not hungry.

You visited 1 branch You collected 243 gold pieces.

Inventory:

Hand Weapons
 a - a +0 falchion (weapon)
Armour
 b - a +0 animal skin (worn)
Scrolls
 i - a scroll of blinking
Potions
 d - a potion of curing
 f - a potion of haste
 g - 2 potions of magic
 h - a potion of berserk rage
Comestibles
 c - a ration
 j - a chunk of flesh


   Skills:
 + Level 5.3 Fighting
 * Level 6.3 Long Blades
 + Level 4.3 Armour
 + Level 4.3 Dodging


You had 4 spell levels left.
You didn't know any spells.
Your spell library was empty.

Dungeon Overview and Level Annotations

Branches:
Dungeon (1/1)

Altars:


Innate Abilities, Weirdness & Mutations

When hurt, damage is shared between your health and your magic reserves.
You regenerate magic rapidly.
When low on magic, you restore magic in place of health.
You are dopey. (Int -2)
You are weak. (Str -2)
Your spells are a little easier to cast, but a little less powerful.


Message History

* * * LOW HITPOINT WARNING * * *
The quasit misses you. The quasit completely misses you.
The neqoxec gestures at you.
Something tries to feed on your intellect!
Unknown command.
You hit the neqoxec.
The neqoxec is almost dead.
The quasit bites you.
* * * LOW HITPOINT WARNING * * *
The quasit claws you.
* * * LOW HITPOINT WARNING * * *
The quasit claws you.
You feel clumsy. The neqoxec hits you.
* * * LOW HITPOINT WARNING * * *
The quasit barely misses you.
You riposte.
You closely miss the quasit.
The quasit is heavily wounded.
The quasit claws you but does no damage.
The quasit claws you.
You die...

##+#
##..###
#..##.# #
##.#.# ##.
##'##
#.w.##.###
#+.<5@#
#.w$##.##3#
##. #+# #3#
# ##


You could see 2 neqoxecs and a quasit.

Vanquished Creatures
  A neqoxec (D)
  3 worms (D)
4 creatures vanquished.

Vanquished Creatures (others)
  Menkaure (D)
1 creature vanquished.

Grand Total: 5 creatures vanquished

Notes
Turn   | Place    | Note
-------+----------+-------------------------------------------
     0 | D        | Lanoc the Demonspawn Berserker began the quest for the Orb.
     0 | D        | Reached XP level 1. HP: 18/18 MP: 1/1
     1 | D        | Noticed a tyrant leech
     1 | D        | Noticed a tyrant leech
    10 | D        | Reached skill level 3 in Long Blades
    22 | D        | Reached ** piety under Trog
    22 | D        | Gained mutation: When hurt, damage is shared between your
                  | health and your magic reserves. [demonic ancestry]
    22 | D        | Reached XP level 2. HP: 24/24 MP: 2/2
    40 | D        | Killed Menkaure
    49 | D        | Noticed a neqoxec
    49 | D        | Noticed a neqoxec
    51 | D        | Noticed a neqoxec
    56 | D        | Gained mutation: You are dopey. (Int -2) [a neqoxec]
    57 | D        | Killed a neqoxec
    57 | D        | Reached skill level 5 in Fighting
    57 | D        | Reached skill level 6 in Long Blades
    57 | D        | Gained mutation: You regenerate magic rapidly. [demonic
                  | ancestry]
    57 | D        | Reached XP level 3. HP: 22/33 MP: 3/3
    57 | D        | Gained mutation: When low on magic, you restore magic in
                  | place of health. [demonic ancestry]
    57 | D        | Reached XP level 4. HP: 26/39 MP: 4/4
    57 | D        | Reached XP level 5. HP: 30/44 MP: 5/5
    61 | D        | Gained mutation: Your spells are a little easier to cast,
                  | but a little less powerful. [a neqoxec]
    72 | D        | Gained mutation: You are weak. (Str -2) [a neqoxec]
    75 | D        | HP: 1/44 [neqoxec (2)]
    75 | D        | Slain by a quasit

Vault maps used:
D:        the_violet_keep_of_menkaure

Skill      XL: |  1  2 |
---------------+-------+-----
Long Blades    | 3 6 |  6.3
Armour         | 2 4 |  4.3
Dodging        | 2 4 |  4.3
Fighting       | 5 |  5.3

Action                   |  1- 3 |  4- 6 || total
-------------------------+-------+-------++-------
Melee: Falchion          |    19 |    15 ||    34
Invok: Berserk           |     2 |       ||     2
       Trog's Hand       |       |     1 ||     1
  Use: Potion            |       |     1 ||     1
Armor: Animal skin       |     2 |    14 ||    16
Dodge: Dodged            |     5 |    25 ||    30
       Rpst.: Falchion   |     1 |     4 ||     5

Table legend:
 A = Non-vault XP
 B = Vault XP
 C = Vault XP percentage of total XP
 D = Non-vault monster count
 E = Vault monster count
 F = Vault count percentage of total count
                 A         B        C        D         E       F
            +---------+---------+-------+---------+---------+-------
      Total |       0 |     198 | 100.0 |       0 |       4 | 100.0
            +---------+---------+-------+---------+---------+-------
          D |       0 |     198 | 100.0 |       0 |       4 | 100.0
            +---------+---------+-------+---------+---------+-------
